Cogmind - Beta 15 @@@ ROGUE MODE // 2025.08.05 @ 19:38:23 Player: beans Result: Destroyed by G-34 Mercenary with Small Laser Performance ------------- Evolutions (1) 500 Regions Visited (3) 600 Robots Destroyed (15) 75 Value Destroyed (500) 500 Prototype IDs (1) 20 Alien Tech Used (0) 0 Bonus (0) 0 TOTAL SCORE: 1695 Bonus ------- None Cogmind --------- Core Integrity 0/400 Matter 209/450 Energy 100/100 System Corruption 0% Temperature Cool (6) Movement Core (150) Ox2 Location -9/Storage Parts ------- > --- POWER (2) -------- (None) > --- PROPULSION (2) --- (None) > --- UTILITY (2) ------ Large Matter Pod > --- WEAPON (3) ------- Heavy Assault Rifle Improved Assault Rifle > --- INVENTORY (5) ---- Large Matter Pod (116) Large Matter Pod (0) Drone Bay (2/2) Peak State ------------ > --- POWER ------------ (None) > --- PROPULSION ------- (None) > --- UTILITY ---------- Large Matter Pod > --- WEAPON ----------- Heavy Assault Rifle Autogun Improved Assault Rifle > --- INVENTORY -------- Large Matter Pod Large Matter Pod Drone Bay [Rating: 8] Favorites ----------- Power Ion Engine Engine Ion Engine Propulsion Light Treads Treads Light Treads Utility Large Matter Pod Storage Large Matter Pod Weapon Assault Rifle Energy Gun EM Shotgun Ballistic Gun Assault Rifle Launcher EMP Blaster Build | -11 -10 -9 -9 ------- Run | Yrd Mat Mat Sto Slots Evolved 2 | . . 2 . Power 1 | . . 1 . Propulsion . | . . . . Utility . | . . . . Weapon 1 | . . 1 . Parts Attached 12 | 5 1 3 3 Power 1 | 1 . . . Engine 1 | 1 . . . Core . | . . . . Reactor . | . . . . Propulsion 2 | 2 . . . Treads 2 | 2 . . . Leg . | . . . . Wheel . | . . . . Hover . | . . . . Flight . | . . . . Utility 1 | . . . 1 Device . | . . . . Storage 1 | . . . 1 Processor . | . . . . Hackware . | . . . . Protection . | . . . . Artifact . | . . . . Weapon 8 | 2 1 3 2 Energy Gun 2 | . . 2 . Energy Cannon . | . . . . Ballistic Gun 5 | 2 . 1 2 Ballistic Cannon . | . . . . Launcher 1 | . 1 . . Special Weapon . | . . . . Impact Weapon . | . . . . Slashing Weapon . | . . . . Piercing Weapon . | . . . . Special Melee Weapon . | . . . . Unidentified Prototypes 1 | . . . 1 Parts Lost 9 | . 2 5 2 Power 1 | . 1 . . Propulsion 2 | . 1 1 . Utility . | . . . . Weapon 6 | . . 4 2 Highest Loss Streak 4 | . 1 4 2 To Critical Strikes . | . . . . Average Backups 2 | . 1 3 3 Power . | . . . . Propulsion . | . . . . Utility 2 | . 1 3 2 Weapon . | . . . . Tool/Special . | . . . . Unused Backups 3 | . . . 3 Power . | . . . . Propulsion . | . . . . Utility 3 | . . . 3 Weapon . | . . . . Tool/Special . | . . . . Average Slot Usage (%) 42 | . 60 33 31 Engine 2 | . 7 . . Treads 11 | . 24 7 . Storage 1 | . . . 9 Energy Gun 1 | . . 2 . Ballistic Gun 24 | . 27 23 21 Peak Build Rating 8 | 5 5 5 8 Average Rating 4 | 4 4 4 6 On Entrance 3 | . 5 3 5 Naked Turns 4 | . . . 4 Heaviest Build 12 | 8 8 6 12 Greatest Support 40 | 40 40 20 3 Greatest Overweight (x) 3 | . . 1 3 Average Overweight (x) . | . . . 1 Largest Inventory Capacity 5 | 5 5 5 5 Average Capacity 5 | 5 5 5 5 Most Carried 5 | 4 5 5 5 Average Carried 2 | . 2 3 2 Final Capacity 5 | 5 5 5 5 Final Carried 4 | . 4 4 3 Class Distribution -------------------- 78% | Mutant 21% | Gunner Dominant Class ---------------- Mutant | -10/Materials Gunner | -9/Materials Mutant | -9/Storage Resources | -11 -10 -9 -9 ----------- Run | Yrd Mat Mat Sto Matter Collected 708 | 219 . 422 67 Remotely . | . . . . Salvage Created 632 | . 60 488 84 Parts 41 | . . 32 9 Haulers Intercepted 1 | . . 1 . Recyclers Shooed 3 | . . 3 . Parts Field Recycled . | . . . . Retrieved Matter . | . . . . Parts Self-Destructed . | . . . . Prevented . | . . . . Kills | -11 -10 -9 -9 ------- Run | Yrd Mat Mat Sto Combat Hostiles Destroyed 9 | . 1 7 1 Guns 9 | . 1 7 1 Classes Destroyed 6 | . 1 5 . Builder 1 | . . 1 . Hauler 1 | . . 1 . Recycler 1 | . . 1 . Watcher 3 | . . 1 2 Grunt 5 | . 1 4 . Sentry 4 | . . 3 1 Best Kill Streak 7 | . 1 7 3 Combat Bots Only 3 | . 1 3 1 Max Kills in Single Turn 1 | . 1 1 1 Gunslinging . | . . . . Exploded . | . . . . Melee . | . . . . Uniques/NPCs Destroyed . | . . . . Combat | -11 -10 -9 -9 -------- Run | Yrd Mat Mat Sto Hostile Shots Fired 146 | . 59 44 43 Missed 42 | . 16 17 9 Hits 104 | . 43 27 34 Projectile 104 | . 43 27 34 Critical Strikes 1 | . . 1 . Damage Taken 1579 | . 597 584 398 Core 541 | . 137 265 139 Absorbed by Shields . | . . . . Core Remaining (%) 72 | 100 45 . . Volleys Fired 63 | . 17 32 14 Largest 3 | . 2 3 3 Hottest 69 | . 40 68 69 Shots Fired 140 | . 32 77 31 Gun 137 | . 30 76 31 Cannon . | . . . . Launcher 3 | . 2 1 . Special . | . . . . Kinetic 126 | . 30 65 31 Thermal 3 | . . 3 . Explosive . | . . . . Electromagnetic 11 | . 2 9 . Robot Hit Streak 17 | . 6 17 12 Robot Miss Streak 3 | . 3 3 2 Penetration Max . | . . . . Secondary Targets 1 | . . 1 . Max Gunslinging Chain 1 | . . 1 . Shots Hit Robots 95 | . 17 56 22 Core Hits 33 | . 5 23 5 Critical Kills . | . . . . Critical Parts Destroyed . | . . . . Critical Strikes . | . . . . Melee Attacks . | . . . . Impact . | . . . . Slashing . | . . . . Piercing . | . . . . Sneak Attacks . | . . . . Combat Hostiles . | . . . . Follow-up Attacks . | . . . . Damage Inflicted 1558 | . 249 965 344 Guns 1261 | . 173 744 344 Cannons . | . . . . Explosions 297 | . 76 221 . Melee . | . . . . Ramming . | . . . . Kinetic 1133 | . 173 616 344 Thermal 25 | . . 25 . Explosive 221 | . . 221 . Electromagnetic 179 | . 76 103 . Impact . | . . . . Slashing . | . . . . Piercing . | . . . . Highest Corruption 1 | . 1 . . Average Corruption 1 | . 1 . . Corruption Purged . | . . . . Corruption Blocked . | . . . . Effects 2 | . 2 . . Message Errors 1 | . 1 . . Matter Fused 1 | . 1 . . Overload Shots . | . . . . Overflow Damage 97 | . . 97 . Projectiles . | . . . . Explosions 97 | . . 97 . Melee . | . . . . Knockbacks . | . . . . Impact . | . . . . Kinetic . | . . . . Secondary . | . . . . Self-Inflicted Damage 202 | . . 202 . Shots 3 | . . 3 . Rammed . | . . . . Targets Rammed . | . . . . Kicked . | . . . . Crushed . | . . . . Highest Temperature 42 | . 16 42 9 Average Temperature 9 | . 8 10 3 Received Heat Transfer 735 | . 336 201 198 Siege Activations . | . . . . Martial Activations . | . . . . Shielding Activations . | . . . . Robots Disrupted . | . . . . Combat Hostiles . | . . . . Robots Corrupted . | . . . . Combat Hostiles . | . . . . Parts Fried . | . . . . Impact Corruptions . | . . . . Robots Melted . | . . . . Combat Hostiles . | . . . . Parts Melted . | . . . . Heat Transferred 74 | . . 74 . Parts Sabotaged . | . . . . Parts Stolen . | . . . . Parts Stripped . | . . . . Power Chain Reactions . | . . . . Alert | -11 -10 -9 -9 ------- Run | Yrd Mat Mat Sto Maximum Alert Level 1 | . . 1 . Low Security (%) 95 | 100 100 89 100 Level 1 4 | . . 10 . Level 2 . | . . . . Level 3 . | . . . . Level 4 . | . . . . Level 5 . | . . . . High Security . | . . . . Max Security . | . . . . Peak Influence 268 | . 85 268 113 Initial 113 | . . 35 113 Average 50 | . 14 76 87 Influence Increases 554 | . 105 405 44 Destroy 0b10 Robot/C 180 | . 20 140 20 Destroy 0b10 Robot/NC 30 | . . 20 10 Destroy Leader 88 | . 10 64 14 Disable Machine 75 | . . 75 . Destroy Structure 76 | . . 76 . Lose Combat Pursuer 105 | . 75 30 . Influence Decreases 477 | . 20 222 235 Entered New Map 205 | . . 50 155 Time Decay 202 | . 20 122 60 Lost Part 70 | . . 50 20 Squads Dispatched 3 | . . 2 1 Investigation . | . . . . Extermination . | . . . . Reinforcement 3 | . . 2 1 Assault . | . . . . Garrison . | . . . . Intercept . | . . . . Searches Triggered . | . . . . Construction Impeded . | . . . . Haulers Reinforced . | . . . . Active Scanning Responses . | . . . . Cargo Convoy Interrupts . | . . . . Stealth | -11 -10 -9 -9 --------- Run | Yrd Mat Mat Sto Distress Signals 4 | . 1 2 1 Communications Jammed . | . . . . Distress Signals . | . . . . Times Spotted 27 | . 8 14 5 Peak Tracking Total 5 | . 4 5 3 Tactical Retreats 3 | . 2 1 . Traps | -11 -10 -9 -9 ------- Run | Yrd Mat Mat Sto Traps Triggered 2 | . 1 . 1 Indirectly . | . . . . Trap Hack Attempts . | . . . . Triggered . | . . . . Disarmed . | . . . . Reprogrammed . | . . . . Reused . | . . . . Traps Extracted . | . . . . Installed . | . . . . Triggered . | . . . . Machines | -11 -10 -9 -9 ---------- Run | Yrd Mat Mat Sto Machines Disabled 5 | . . 5 . Max in Single Turn 2 | . . 2 . Machines Repaired . | . . . . Machines Dismantled . | . . . . Machines Sabotaged . | . . . . Overloaded Fab Kills . | . . . . Hacking | -11 -10 -9 -9 --------- Run | Yrd Mat Mat Sto Machines Accessed 1 | . . . 1 Terminals 1 | . . . 1 Fabricators . | . . . . Repair Stations . | . . . . Recycling Units . | . . . . Scanalyzers . | . . . . Garrison Access . | . . . . Total Hacks 1 | . . . 1 Successful 1 | . . . 1 Failed . | . . . . Catastrophic . | . . . . Database Lockouts . | . . . . Manual . | . . . . Terminals 1 | . . . 1 Fabricators . | . . . . Repair Stations . | . . . . Recycling Units . | . . . . Scanalyzers . | . . . . Garrison Access . | . . . . Terminal Hacks 1 | . . . 1 Open Door 1 | . . . 1 Fabricator Hacks . | . . . . Repair Station Hacks . | . . . . Recycling Unit Hacks . | . . . . Scanalyzer . | . . . . Garrison Access Hacks . | . . . . Unauthorized Hacks . | . . . . Terminals . | . . . . Fabricators . | . . . . Repair Stations . | . . . . Recycling Units . | . . . . Scanalyzers . | . . . . Garrison Access . | . . . . Data Cores Recovered . | . . . . Used . | . . . . Hacking Detections . | . . . . Full Trace Events . | . . . . Feedback Events . | . . . . Feedback Blocked . | . . . . Robot Schematics Acquired . | . . . . Robots Built . | . . . . Authchips . | . . . . Time . | . . . . Total Robot Build Rating . | . . . . Part Schematics Acquired . | . . . . Parts Built . | . . . . Authchips . | . . . . Time . | . . . . Total Part Build Rating . | . . . . Parts Repaired . | . . . . Time . | . . . . Parts Recycled . | . . . . Recycled Matter . | . . . . Retrieved Matter . | . . . . Retrieved Components . | . . . . Parts Scanalyzed . | . . . . Part Schematics Acquired . | . . . . Parts Damaged . | . . . . Bothacking | -11 -10 -9 -9 ------------ Run | Yrd Mat Mat Sto Used RIF Installer . | . . . . Robots Hacked . | . . . . Non-combat . | . . . . Combat . | . . . . Robot Hacks Applied . | . . . . Relay Couplers Released . | . . . . Fabnet Peak Effective % . | . . . . Robots Rewired . | . . . . Allies Hacked . | . . . . Hacks Repelled . | . . . . Allies | -11 -10 -9 -9 -------- Run | Yrd Mat Mat Sto Total Allies . | . . . . Largest Group . | . . . . Highest-Rated Group . | . . . . Highest-Rated Ally . | . . . . Total Orders . | . . . . Ally Attacks . | . . . . Total Damage . | . . . . Kills . | . . . . Allies Corrupted . | . . . . Allies Melted . | . . . . Intel | -11 -10 -9 -9 ------- Run | Yrd Mat Mat Sto Active Infowar (turns) . | . . . . Robot Analysis Total . | . . . . Derelict Logs Recovered . | . . . . Drone Launches . | . . . . Drone Recoveries . | . . . . Exploration | -11 -10 -9 -9 ------------- Run | Yrd Mat Mat Sto Turns Passed 789 | 88 239 330 132 Spaces Moved 430 | 59 112 202 57 Core 168 | 14 . 97 57 Treads 262 | 45 112 105 . Legs . | . . . . Wheels . | . . . . Hover . | . . . . Flight . | . . . . Fastest Speed 50 | 50 160 50 50 Average Speed 134 | 133 160 116 147 Slowest Speed 200 | 160 160 160 200 Overloaded Moves . | . . . . Propulsion Burnouts . | . . . . Robots Hopped . | . . . . Potential Cave-ins . | . . . . Cave-ins Triggered . | . . . . Exploration Rate (%) 22 | 4 31 37 18 Regions Visited 3 Branch Regions 1 Pre-discovered Areas . | . . . . Known Exits Taken . | . . . . Unknown Exits Taken 3 | 1 1 1 . Scrap Searched . | . . . . Spaces Dug . | . . . . Terrain Destroyed 91 | . . 91 . Melee . | . . . . Projectile . | . . . . AOE 91 | . . 91 . Terrain Rammed . | . . . . Walls Destroyed . | . . . . Machines Disabled . | . . . . Actions | -11 -10 -9 -9 --------- Run | Yrd Mat Mat Sto Total 530 | 68 143 241 78 Wait 8 | . 8 . . Move 427 | 58 111 201 57 Hop . | . . . . Pick Up 16 | 5 4 4 3 Fast Attach . | . . . . Attach 14 | 5 1 4 4 Detach 1 | . 1 . . Swap 1 | . 1 . . Drop . | . . . . Fire 63 | . 17 32 14 Melee . | . . . . Ram . | . . . . Kick . | . . . . Crush . | . . . . Escape Stasis . | . . . . Rewire . | . . . . Trap . | . . . . Miscellaneous . | . . . . Route ------- -11/Scrapyard -10/Materials -9/Materials (discovered 2 exits: [*Mat] / *Sto) -9/Storage History --------- Turn | Location | Event 3 | -11/Scrapyard | Discovered new exit (range 15) 89 | -11/Scrapyard | Entered Materials 272 | -10/Materials | Core integrity fell below 50% 306 | -10/Materials | Build established: Mutant 317 | -10/Materials | Discovered new exit (range 8) 328 | -10/Materials | Entered another Materials area 328 | -9/Materials | Evolved 2 slots: Power x1, Weapon x1 585 | -9/Materials | Lost 4 parts (1n3w) 635 | -9/Materials | Core integrity fell below 50% 641 | -9/Materials | Discovered new exit (range 11) 641 | -9/Materials | Discovered new exit (range 3) 658 | -9/Materials | Entered Storage 738 | -9/Storage | Core integrity fell below 20% 790 | -9/Storage | Destroyed by G-34 Mercenary with Small Laser Last Messages --------------- Acquired Drone Bay. K-01 Serf collects debris. Y-45 Defender destroyed. R-06 Scavenger collects Heat Sink. K-01 Serf collects debris. R-06 Scavenger collects Beam Rifle. K-01 Serf collects debris. R-06 Scavenger collects Lgt. Treads. Acquired 52 matter. R-06 Scavenger collects Imp. Ion Engine. Acquired Hvy. Assault Rifle. W-16 Scout destroyed. W-16 Scout sends out distress signal. W-16 Scout destroyed. ALERT: Hostiles spotted, dispatching reinforcements to Terminal S002. Acquired 15 matter. Autogun destroyed. R-06 Scavenger collects Lgt. Ion Engine. R-06 Scavenger collects Hover Unit. Map ----- +----------------------------------------------------+ | ????????????????## ##?????????????????????? | | ????????????????# #?????????????????????? | | ????????????????# #?????????????????????? | | ????????????????# " #?????????????????????? | | ????????????????# #?????????????????????? | | ????????????????# #?????????????????????? | | ???????????????####+#####???????????????????? | | ???????????????# #???????????????????? | | ???????????????# #???????????????????? | | ???????????????# #???????????????????? | | ???????????????# #???????????????????? | | ???????????????# #???????????????????? | | ???????????????# #???????????????????? | | ???????????????# #???????????????????? | | ???????????????# #???????????????????? | | ???????????????# #???????????????????? | | ???????????????####+#####???????????????????? | | ????????????????# ###########???????????? | | ????????????????# #???????????? | | ????????????????# ! = #???????????? | | ????????????????# #???????????? | | ????????????????# ###########???????????? | | ????????????????#### ##?????????????????????? | | ???????????????????#r#??????????????????????? | | ???????????????????# #??????????????????????? | | ???????????????????#@#??????????????????????? | | ???????????????????#%g ?????????????????????? | | ???????????????????+ g ???????????????????? | | ???????????????????# g ?????????????????? | | ???????????????????###a#####????????????????? | | ?????????????????????? ????????????????????? | | ?????????????????????? ???????????????????? | | ?????????????????????? ???????????????????? | | ??????????????????????? ??????????????????? | | ??????????????????????? ?????????????????? | | ???????????????????????####?????????????????? | | ????????????????????????????????????????????? | | ????????????????????????????????????????????? | | ????????????????????????????????????????????? | | ????????????????????????????????????????????? | | ????????????????????????????????????????????? | | ????????????????????????????????????????????? | | ????????????????????????????????????????????? | | ????????????????????????????????????????????? | | ????????????????????????????????????????????? | | ????????????????????????????????????????????? | | ????????????????????????????????????????????? | | ????????????????????????????????????????????? | | ????????????????????????????????????????????? | | ????????????????????????????????????????????? | +----------------------------------------------------+ Best States ------------- Heat Dissipation 28 Energy Generation 10 Energy Capacity 250 Matter Stores 300 Matter Capacity 450 Sight Range 16 Terrain Scan Density 10 Evasion (%) 50 Recoil Reduction 2 Item Schematics ----------------- None Robot Schematics ------------------ None Fabricated ------------ Nothing Repaired ---------- Nothing Alien Tech Used ----------------- None Achievements -------------- None Challenges ------------ None Game ------ Seed KineticAnalysisFilter Manual? 0 Play Time 00:08:57 Cumulative 81.1 hours Start 2025.08.05 @ 09:07:41 End 2025.08.05 @ 19:38:23 Sessions 2 Manual Loads 0 Difficulty Rogue Special Mode None Game No. 324 Rogue 324 Adventurer 0 Explorer 0 Win Type - Total 0 Types 0/0/0/0/0/0/0/0/0/0 Lore% 32 Gallery% 35 Achievement% 30 Wizard Run 0 Options --------- Layout 2 ASCII 0 Keyboard 0 Movement Mouse Keybinds 0 Fullscreen 2 Font 24/Smallcaps Map View 50x44 Zoom Use 0% Tactical HUD 0 Map Filters NONE Filters NONE Steam 1 RUN: 0902be39-918d-425f-9f77-2575f3d92967